 Dungeon Crawl Stone Soup version bcrawl-1.18.1 (webtiles) character file.

Game seed: 14723318966644417174

18180 Revguard the Slicer (level 12, -14/94 HPs)
             Began as a Demonspawn Archaeologist on Nov 7, 2019.
             Was an Elder of Wu Jian.
             Demolished by a minotaur
             ... wielding the +12 scythe "Genn" {elec, Int+2 Stlth+}
              (19 damage)
             ... in a Gauntlet.
             The game lasted 00:31:20 (9457 turns).

Revguard the Slicer (Demonspawn Archaeologist)      Turns: 9457, Time: 00:31:21

Health: -14/94     AC:  7    Str: 13    XL:     12   Next: 25%
Magic:  0/12       EV: 28    Int: 22    God:    Wu Jian [****..]
Gold:   1206       SH:  0    Dex: 23    Spells: 11/11 levels left

rFire    x . .     SeeInvis +   f - +5 pair of quick blades "Gyre" and "Gimble" {pierce}
rCold    + . .     Gourm    .   (shield currently unavailable)
rNeg     + . .     Faith    .   G - +0 leather armour
rPois    .         Spirit   +   c - +1 hat
rElec    .         Reflect  .   (no cloak)
rCorr    .         Harm     .   (no gloves)
MR       .....     NoTele   +   d - +2 pair of boots
Stlth    +++++.....             (no amulet)
HPRegen  0.25/turn              L - ring "Nemneles" {rN+ Int+5 SInv}
MPRegen  0.13/turn              r - ring of ice

@: agile
A: claws 2, repulsion field 2, see invisible, agile 1, powered by pain 1, strong
1, magic shield
a: Wall Jump, Serpent's Lash, Heavenly Storm, Renounce Religion


You were in a Gauntlet.
You worshipped Wu Jian.
Wu Jian was greatly pleased with you.
You were near starving.

You visited 2 branches of the dungeon, and saw 12 of its levels.
You also visited: Ossuary and Gauntlet.

You collected 1230 gold pieces.
You spent 24 gold pieces at shops.

Inventory:

Hand Weapons
 f - the +5 pair of quick blades "Gyre" and "Gimble" (weapon) {pierce}

   It inflicts extra damage upon your enemies.
Missiles
 o - 2 throwing nets (quivered) {!f}
 v - 87 poisoned tomahawks
Armour
 c - a +1 hat (worn)
 d - a +2 pair of boots (worn)
 q - a +1 pair of boots
 G - a +0 leather armour (worn)
Jewellery
 b - an uncursed ring of magical power
 j - an uncursed ring of wizardry
 r - a ring of ice (right claw)
 K - an uncursed ring of stealth {unknown}
 L - the ring "Nemneles" (left claw) {rN+ Int+5 SInv}
   (You found it in a Gauntlet)

   [ring of positive energy]

   It affects your intelligence (+5).
   It protects you from negative energy.
   It lets you see invisible.
Wands
 a - a wand of clouds (6)
 e - a wand of digging (9)
 t - a wand of iceblast (6)
 D - a wand of random effects (9)
Scrolls
 h - 2 scrolls of amnesia
 i - 6 scrolls of identify
 k - 3 scrolls of teleportation
 n - 7 scrolls of fear
 p - 8 scrolls of remove curse
 u - 4 scrolls of enchant weapon
 y - 2 scrolls of fog
 E - a scroll of blinking
 M - a scroll of enchant armour
Potions
 l - 5 potions of lignification
 m - 2 potions of heal wounds
 s - 2 potions of brilliance
 w - 4 potions of invisibility
 x - a potion of cancellation
 z - 2 potions of might
 A - 2 potions of mutation
 B - 2 potions of flight
 C - 10 potions of curing
 F - 2 potions of resistance
 I - a potion of haste
 J - a potion of berserk rage
Comestibles
 g - 25 rations {!d}
 H - 2 chunks of flesh


   Skills:
 + Level 8.5 Fighting
 * Level 13.1 Short Blades
   Level 1.4 Maces & Flails
 * Level 5.0 Armour
 * Level 9.1 Dodging
 + Level 8.6 Stealth


You had 11 spell levels left.
You didn't know any spells.
Your spell library contained the following spells:

 Spells                   Type           Power        Failure   Level  Hunger
 Confuse                  Hex            #.......     52%         3    ####...
 Dazzling Spray           Conj/Hex       #.....       52%         3    ####...
 Petrify                  Tmut/Erth      #.......     90%         4    #####..
 Yara's Violent Unravell  Hex/Tmut       #.........   90%         4    #####..
 Metabolic Englaciation   Hex/Ice        #.........   99%         5    ######.
 Mana Rupture             Conj/Hex       #.........   100%        7    #######


Dungeon Overview and Level Annotations

Branches:
Dungeon (11/12)            Temple (1/1) D:6            Lair (0/6) D:7
    Orc (0/1) D:8
 Vaults: D:11-12

Altars:
Ashenzari
Cheibriados
Dithmenos
Elyvilon
Fedhas
Gozag
Hepliaklqana
Kikubaaqudgha
Lugonu
Makhleb
Nemelex Xobeh
Okawaru
Qazlal
Ru
Sif Muna
Trog
Vehumet
Wu Jian
Yredelemnul
Zin
The Shining One

Shops:
D:4 *   D:5 %   D:8 :   D:10 :?%%

Annotations:
Gauntlet 6 transporters


Innate Abilities, Weirdness & Mutations

You have very sharp fingernails.
You are surrounded by a moderate repulsion field. (EV +3)
You sometimes gain a little power by taking damage.
When hurt, damage is shared between your health and your magic reserves.
You have supernaturally acute eyesight. (SInv)
You are agile. (Dex +2)
Your muscles are strong. (Str +2)


Message History

You feel agile all of a sudden.
The minotaur throws a javelin.
The javelin hits you!!
You focus on the pain.
You feel your power returning.
The minotaur throws a javelin.
The javelin completely misses you.
The minotaur hits you from afar with the +12 scythe "Genn" {elec, Int+2 Stlth+}!!
You spin and attack the minotaur repeatedly.
You puncture the minotaur! You hit the minotaur.
You hit the minotaur but do no damage. You hit the minotaur.
You hit the minotaur but do no damage. x2; The minotaur drinks a potion.
The minotaur suddenly seems more agile.
You spin and attack the minotaur repeatedly.
You barely miss the minotaur.
The minotaur furiously retaliates!
The minotaur headbutts you!
You hit the minotaur but do no damage. x5
You completely miss the minotaur.
The minotaur furiously retaliates!
The minotaur headbutts you, but does no damage.
You closely miss the minotaur.
The minotaur hits you with the +12 scythe "Genn" {elec, Int+2 Stlth+}!!
* * * LOW HITPOINT WARNING * * *
You are electrocuted!!
You die...

#..#..#.# #..#..#(.
#..#..#.# ##########
#..#..#.. #........#
#..#..###
#.######.####..#8....
#.#.. #.#.....#⌠....
#.#H####.#.##..#8....
#.#.@....#.##..#..###
#.########.##..#..#..
#..........##..#..#..
#############..#..#..
#..#..#.. #.©#..#©.
#..#..#.. ####..#).
#..#..


You could see a minotaur.

Vanquished Creatures
  4 two-headed ogres
  A tengu warrior (D:11)
  3 death yaks (Gauntlet)
  A necromancer (Gauntlet)
  A deep elf mage (D:10)
  An ugly thing (D:9)
  3 centaur zombies (D:9)
  2 centaur skeletons
  A tengu conjurer (D:11)
  4 trolls
  Prince Ribbit (D:5)
  A slime creature (D:6)
  A hippogriff (D:6)
  Sigmund (D:6)
  5 shadows
  A vampire (D:11)
  3 hungry ghosts
  3 yaks (D:4)
  A wyvern (D:10)
  A basilisk (D:9)
  Edmund (D:6)
  A soldier ant (D:10)
  An acid dragon (D:11)
  An ice beast (D:6)
  3 sky beasts
  2 black bears
  8 orc warriors
  2 necrophages
  2 phantoms
  2 eyes of draining
  8 ogres
  4 centaurs
  5 bullfrogs
  3 scorpions
  3 killer bees (D:8)
  3 howler monkeys (D:9)
  8 wights
  An electric eel (D:9)
  3 crimson imps
  A quasit (D:9)
  3 jellies
  8 orc priests
  Crazy Yiuf (D:3)
  A bullfrog skeleton (D:7)
  A bullfrog zombie (D:8)
  12 orc wizards
  9 hounds
  4 iguanas
  4 worker ants
  A killer bee zombie (D:5)
  A hound zombie (D:5)
  8 mummies (Ossuary)
  3 gnolls (D:6)
  7 adders
  2 shadow imps
  An adder zombie (D:5)
  2 adder skeletons
  2 worms
  4 dart slugs
  3 leopard geckos
  33 orcs
  5 bats (D:1)
  6 giant cockroaches
  2 gnoll zombies (Ossuary)
  9 hobgoblins
  3 jackals (D:2)
  2 quokkas
  A frilled lizard (D:1)
  9 goblins
  3 hobgoblin zombies (Ossuary)
  7 kobolds
  3 kobold zombies (Ossuary)
  A quokka skeleton (D:5)
  4 rats
266 creatures vanquished.

Notes
Turn   | Place    | Note
-------+----------+-------------------------------------------
     0 | D:1      | Revguard the Demonspawn Archaeologist began the quest for
                  | the Orb.
     0 | D:1      | Reached XP level 1. HP: 15/15 MP: 1/1
   240 | D:1      | Gained mutation: You have sharp fingernails. [demonic
                  | ancestry]
   240 | D:1      | Reached XP level 2. HP: 21/21 MP: 2/2
   265 | D:1      | Reached skill level 1 in Maces & Flails
  1286 | D:2      | Gained mutation: When hurt, damage is shared between your
                  | health and your magic reserves. [demonic ancestry]
  1286 | D:2      | Reached XP level 3. HP: 27/27 MP: 3/3
  1908 | D:3      | Gained mutation: You have supernaturally acute eyesight.
                  | (SInv) [potion of mutation]
  1908 | D:3      | Gained mutation: You are agile. (Dex +2) [potion of
                  | mutation]
  1908 | D:3      | Gained mutation: Your muscles are strong. (Str +2) [potion
                  | of mutation]
  2020 | D:3      | Reached skill level 1 in Armour
  2036 | D:3      | Reached skill level 1 in Short Blades
  2315 | D:3      | Gained mutation: You are surrounded by a mild repulsion
                  | field. (EV +2) [demonic ancestry]
  2315 | D:3      | Reached XP level 4. HP: 28/33 MP: 4/4
  2510 | D:3      | Reached skill level 2 in Short Blades
  2604 | D:3      | Found a runed door.
  2608 | D:3      | Noticed Crazy Yiuf
  2613 | D:3      | Killed Crazy Yiuf
  2613 | D:3      | Reached skill level 3 in Short Blades
  2613 | D:3      | Reached XP level 5. HP: 38/38 MP: 5/5
  2814 | D:4      | Reached skill level 4 in Short Blades
  2989 | D:4      | Found Xoil's General Store.
  2995 | D:4      | Reached skill level 5 in Short Blades
  3010 | D:4      | Bought a scroll of identify for 24 gold pieces
  3045 | D:4      | Noticed a yak
  3046 | D:4      | Noticed a yak
  3046 | D:4      | Noticed a yak
  3056 | D:4      | Killed a yak
  3056 | D:4      | Reached skill level 6 in Short Blades
  3056 | D:4      | Gained mutation: You sometimes gain a little power by
                  | taking damage. [demonic ancestry]
  3056 | D:4      | Reached XP level 6. HP: 34/44 MP: 4/6
  3061 | D:4      | Killed a yak
  3061 | D:4      | Reached skill level 7 in Short Blades
  3061 | D:4      | Reached XP level 7. HP: 37/51 MP: 3/7
  3065 | D:4      | Killed a yak
  3200 | D:4      | Found a shadowy altar of Dithmenos.
  3367 | D:5      | Entered Level 5 of the Dungeon
  3409 | D:5      | Found a sand-covered staircase.
  3414 | Ossuary  | Entered an ossuary
  3629 | Ossuary  | Reached skill level 5 in Fighting
  3629 | Ossuary  | Reached skill level 10 in Short Blades
  3629 | Ossuary  | Reached XP level 8. HP: 64/64 MP: 8/8
  3764 | D:5      | Found Dengohiq's Food Emporium.
  3916 | D:5      | Noticed a troll
  3923 | D:5      | Noticed Prince Ribbit
  3926 | D:5      | Killed a troll
  3926 | D:5      | Reached XP level 9. HP: 66/69 MP: 9/9
  3932 | D:5      | Killed Prince Ribbit
  4355 | D:6      | Found a glowing golden altar of the Shining One.
  4554 | D:6      | Found a shadowy altar of Dithmenos.
  4609 | D:6      | Found a staircase to the Ecumenical Temple.
  4623 | Temple   | Entered the Ecumenical Temple
  4676 | Temple   | Became a worshipper of the Wu Jian Council
  5000 | D:6      | Noticed Sigmund
  5002 | D:6      | Killed Sigmund
  5018 | D:6      | Found a bloodstained altar of Trog.
  5339 | D:6      | Reached skill level 11 in Short Blades
  5339 | D:6      | Noticed Edmund
  5343 | D:6      | Gained mutation: You have very sharp fingernails. [demonic
                  | ancestry]
  5343 | D:6      | Reached XP level 10. HP: 75/76 MP: 10/10
  5349 | D:6      | Killed Edmund
  5460 | D:6      | Found a shimmering blue altar of Sif Muna.
  5640 | D:7      | Found a staircase to the Lair.
  5807 | D:7      | Reached * piety under Wu Jian
  6740 | D:8      | Found a staircase to the Orcish Mines.
  6744 | D:8      | Reached ** piety under Wu Jian
  6799 | D:8      | Noticed a two-headed ogre
  6804 | D:8      | Killed a two-headed ogre
  7130 | D:8      | Found a bloodstained altar of Trog.
  7131 | D:8      | Found an iron altar of Okawaru.
  7233 | D:8      | Found an ancient bone altar of Kikubaaqudgha.
  7236 | D:8      | Found a corrupted altar of Lugonu.
  7276 | D:8      | Found a sacrificial altar of Ru.
  7312 | D:8      | Found Wuuniuj's Book Shop.
  7413 | D:9      | Gained mutation: You are surrounded by a moderate repulsion
                  | field. (EV +3) [demonic ancestry]
  7413 | D:9      | Reached XP level 11. HP: 84/84 MP: 11/11
  7511 | D:9      | Reached *** piety under Wu Jian
  7608 | D:9      | Reached skill level 12 in Short Blades
  8030 | D:9      | Noticed a green ugly thing
  8050 | D:9      | Killed a green ugly thing
  8184 | D:10     | Entered Level 10 of the Dungeon
  8272 | D:10     | Found Kutuch's Food Shop.
  8289 | D:10     | Found Avajouxt's Food Shoppe.
  8396 | D:10     | Noticed a two-headed ogre
  8403 | D:10     | Killed a two-headed ogre
  8422 | D:10     | Noticed a two-headed ogre
  8426 | D:10     | Killed a two-headed ogre
  8431 | D:10     | Found Ytusi's Book Emporium.
  8456 | D:10     | Found Onkes's Magic Scroll Shoppe.
  8623 | D:10     | Noticed a deep elf mage
  8629 | D:10     | Killed a deep elf mage
  8836 | D:11     | Reached **** piety under Wu Jian
  8881 | D:11     | Noticed a two-headed ogre
  8885 | D:11     | Killed a two-headed ogre
  8975 | D:11     | Noticed a tengu warrior
  8982 | D:11     | Killed a tengu warrior
  9028 | D:11     | Found a gate leading to a gauntlet.
  9038 | Gauntlet | Entered a Gauntlet
  9038 | Gauntlet | Found a transporter.
  9038 | Gauntlet | Found a transporter.
  9038 | Gauntlet | Noticed a death yak
  9040 | Gauntlet | Noticed a death yak
  9042 | Gauntlet | Found a transporter.
  9042 | Gauntlet | Noticed a necromancer
  9043 | Gauntlet | Found a transporter.
  9048 | Gauntlet | Found a transporter.
  9048 | Gauntlet | Found a transporter.
  9050 | Gauntlet | Noticed a green ugly thing
  9052 | Gauntlet | Noticed a death yak
  9065 | Gauntlet | Noticed a red ugly thing
  9069 | Gauntlet | Noticed a glowing orange brain
  9076 | Gauntlet | Noticed a tengu warrior
  9077 | Gauntlet | Found a transporter.
  9077 | Gauntlet | Found a transporter.
  9099 | Gauntlet | Found a transporter.
  9181 | Gauntlet | Found a transporter.
  9278 | Gauntlet | Killed a necromancer
  9278 | Gauntlet | Reached XP level 12. HP: 92/92 MP: 12/12
  9282 | Gauntlet | Killed a death yak
  9282 | Gauntlet | Killed a death yak
  9282 | Gauntlet | Reached skill level 13 in Short Blades
  9292 | Gauntlet | Killed a death yak
  9351 | Gauntlet | Got an ancient hat
  9367 | Gauntlet | Identified the cursed -5 hat "Limin" {rPois Int+2} (You
                  | found it in a Gauntlet)
  9392 | Gauntlet | Reached skill level 5 in Armour
  9397 | Gauntlet | Got a faintly glowing brass ring
  9404 | Gauntlet | Identified the ring "Nemneles" {rN+ Int+5 SInv} (You found
                  | it in a Gauntlet)
  9450 | Gauntlet | Identified the +12 scythe "Genn" {elec, Int+2 Stlth+}
  9450 | Gauntlet | Noticed a minotaur
  9457 | Gauntlet | Demolished by a minotaur

Skill      XL: |  1  2  3  4  5  6  7  8  9 10 11 12 |
---------------+-------------------------------------+-----
Maces & Flails | 1 |  1.4
Dodging        | 3 7 8 9 |  9.1
Fighting       | 2 5 6 7 8 |  8.5
Armour         | 1 3 4 5 |  5.0
Short Blades   | 1 3 6 7 10 11 12 13 | 13.1
Stealth        | 6 7 8 |  8.6

Action                   |  1- 3 |  4- 6 |  7- 9 | 10-12 || total
-------------------------+-------+-------+-------+-------++-------
Melee: Whip              |   133 |       |       |       ||   133
       Dagger            |    93 |    63 |       |       ||   156
       Short sword       |     3 |       |       |       ||     3
       Pair of quick bla |       |     4 |   167 |   519 ||   690
Invok: Lunge             |       |       |    10 |    57 ||    67
       Whirlwind         |       |       |     9 |   131 ||   140
  Use: Potion            |     8 |     1 |     1 |       ||    10
       Scroll            |     5 |     2 |     5 |     5 ||    17
 Stab: Sleeping          |     5 |     1 |     5 |    12 ||    23
       Distracted        |       |       |     1 |     2 ||     3
  Eat: Chunk             |     5 |     1 |     8 |    13 ||    27
Armor: Robe              |    82 |    15 |     9 |       ||   106
       Leather armour    |       |       |     2 |     7 ||     9
Dodge: Dodged            |   167 |    22 |    38 |   108 ||   335
